 Dungeon Crawl Stone Soup version 0.28.0-53-g5a82cb258f (webtiles) character file.

Game seed: 8956709114348178997

296 nickcage the Conjurer (level 6, -1/32 HPs)
             Began as a Deep Elf Conjurer on June 27, 2022.
             Slain by an orc wizard
             ... wielding a +0 dagger
              (5 damage)
             ... on level 4 of the Dungeon.
             The game lasted 00:08:47 (3508 turns).

nickcage the Conjurer (Deep Elf Conjurer)           Turns: 3508, Time: 00:08:47

Health: -1/32      AC:  5    Str:  4    XL:     6   Next: 12%
Magic:  12/15      EV: 12    Int: 25    God:
Gold:   98         SH:  0    Dex: 13    Spells: 3/14 levels left

rFire   . . .      SeeInvis .   c - +0 spear
rCold   . . .      Faith    .   (no shield)
rNeg    . . .      Spirit   .   a - +0 robe
rPois   .          Reflect  .   (no helmet)
rElec   .          Harm     .   (no cloak)
rCorr   .          Rampage  .   b - +2 pair of gloves
Will    .....                   (no boots)
Stlth   +.........              (no amulet)
HPRegen 0.10/turn               (no ring)
MPRegen 0.14/turn               (no ring)

@: confused
A: no striking features
a: no special abilities


You were on level 4 of the Dungeon.
You visited 1 branch of the dungeon, and saw 4 of its levels.

You collected 98 gold pieces.

Inventory:

Hand Weapons
 c - a +0 spear (weapon)
Armour
 a - a +0 robe (worn)
 b - a +2 pair of gloves (worn)
Wands
 d - a wand of flame (20)
Scrolls
 f - a scroll of magic mapping
Potions
 e - a potion of resistance {unknown}
 g - a potion of brilliance
 h - a potion of flight
 i - a potion of might {unknown}
 j - a potion of heal wounds {unknown}
 k - 3 potions of degeneration {unknown}
 l - a potion of curing {unknown}
 m - a potion of attraction {unknown}
 n - a potion of mutation {unknown}


   Skills:
 - Level 2.4 Dodging
 - Level 2.4 Stealth
 + Level 4.9 Spellcasting
 * Level 7.0 Conjurations
 * Level 1.9 Hexes
 * Level 1.0 Translocations


You had 3 spell levels left.
You knew the following spells:

 Your Spells              Type           Power      Damage    Failure   Level
a - Magic Dart            Conj           100%       1d8       1%          1
b - Searing Ray           Conj           82%        2d7       1%          2
c - Fulminant Prism       Conj/Hex       14%        3d9       13%         4
d - Iskenderun's Mystic   Conj/Tloc      26%        2d7       16%         4

Your spell library contained the following spells:

 Spells                   Type           Power      Damage    Failure   Level
 Dazzling Flash           Conj/Hex       56%        N/A       3%          3


Dungeon Overview and Level Annotations

Branches:
Dungeon (4/15)
 Temple: D:4-7

Altars:
Uskayaw

Shops:
D:1 *!*![


Message History

There is a stone staircase leading up here.
An orc comes into view. It is wielding a +0 short sword.
The orc wizard casts a spell.
The orc wizard flickers and vanishes!
Deactivating autopickup; reactivate with Ctrl-A.
Aiming: Searing Ray (safe; 1% risk of failure)
Press: ? - help, Q - select action, (/) - cycle Shift-Dir - straight line The searing ray hits the orc but does no damage.
The searing ray hits something. (Press . to maintain the ray.)
The searing ray hits something!
The searing ray hits the orc.
The orc is almost dead.
The searing ray misses the orc.
You finish channelling your searing ray.
You hit the orc.
You kill the orc!
Something hits you. Something barely misses you. Something hits you.
You hear some strange, mumbled words.
You are confused.
You're too confused to move!
Something hits you.
You bump into the rock wall.
Something completely misses you.
You hear some strange, mumbled words.
You are more confused.
You hear some strange, mumbled words.
A puff of flame appears from out of thin air!
The puff of flame hits you!
You miss something. Something hits you.
* * * LOW HITPOINT WARNING * * *
You hear some strange, mumbled words.
A puff of flame appears from out of thin air!
The puff of flame hits you.
* * * LOW HITPOINT WARNING * * *
Something hits you but does no damage.
There is a stone staircase leading up here.
You closely miss something. Something hits you.
* * * LOW HITPOINT WARNING * * *
You miss something. Something hits you.
You die...

.......
!.###..
.....
########
..##...
#......#
... ..
#......#
...# .
#......#
...#
#...(..#
...#
#......#
#@.....#
#{.....#
#).....#
#......#
###.####
... .....
.......
........#


There were no monsters in sight!

Vanquished Creatures
  A howler monkey (D:4)
  Ijyb (D:3)
  Natasha (thrice) (D:3)
  An orc wizard (D:4)
  Robin (D:3)
  A gnoll (D:1)
  4 adders
  2 orcs (D:4)
  4 ball pythons
  7 bats
  4 endoplasms
  2 giant cockroaches
  10 goblins (D:3)
  9 hobgoblins
  3 jackals
  8 kobolds
  3 quokkas
  2 frilled lizards (D:1)
  6 rats
  A spectral hobgoblin (D:1)
73 creatures vanquished.

Notes
Turn   | Place    | Note
-------+----------+-------------------------------------------
     0 | D:1      | nickcage the Deep Elf Conjurer began the quest for the Orb.
     0 | D:1      | Reached XP level 1. HP: 10/10 MP: 6/6
     9 | D:1      | Found Axiko's Distillery.
    20 | D:1      | Found Mubroiho's Antique Armour Boutique.
   123 | D:1      | Reached skill level 5 in Conjurations
   123 | D:1      | Reached XP level 2. HP: 15/15 MP: 2/8
   386 | D:1      | Learned a level 2 spell: Searing Ray
   431 | D:1      | Found Bagyseoxi's General Store.
   539 | D:1      | Reached XP level 3. HP: 19/19 MP: 5/9
   831 | D:1      | Found a faded altar of an unknown god.
   942 | D:1      | Found Ulurgh's Distillery.
   986 | D:1      | Found Tiyjav's General Store.
  1183 | D:2      | Found a hide-covered altar of Uskayaw.
  2038 | D:3      | Reached XP level 4. HP: 24/24 MP: 7/11
  2043 | D:3      | Learned a level 4 spell: Fulminant Prism
  2128 | D:3      | Reached skill level 6 in Conjurations
  2308 | D:3      | Noticed Natasha
  2315 | D:3      | Killed Natasha
  2404 | D:3      | Noticed Ijyb
  2412 | D:3      | Killed Ijyb
  2413 | D:3      | Reached skill level 1 in Hexes
  2413 | D:3      | Reached XP level 5. HP: 22/28 MP: 3/13
  2583 | D:3      | Noticed Robin
  2715 | D:3      | Killed Robin
  2865 | D:3      | Learned a level 4 spell: Iskenderun's Mystic Blast
  2936 | D:3      | Noticed Natasha
  2966 | D:3      | Killed Natasha
  3014 | D:3      | Noticed Natasha
  3167 | D:3      | Killed Natasha
  3338 | D:4      | Reached skill level 7 in Conjurations
  3338 | D:4      | Reached XP level 6. HP: 32/32 MP: 9/15
  3343 | D:4      | Reached skill level 1 in Translocations
  3508 | D:4      | Slain by an orc wizard

Illustrated notes

Levels and vault maps discovered:
D:1:      minmay_arrival_open_corners, layout_loops_ring,
          dreamdust_ecumenical_altar_drowned_temple, serial_shops, shop,
          nicolae_shop_stone, shop, shop, nicolae_shop_advertising_works
          [nicolae_subvault_shop_adworks], hangedman_decor_riveting
D:2:      layout_loops_cross, basic_altar, guppyfry_early_lair_pool
D:3:      layout_rooms, nrook_mini_backslash, uniq_ijyb, uniq_natasha,
          uniq_robin
D:4:      layout_basic, temple_hall

Skill      XL: |  1  2  3  4  5  6 |
---------------+-------------------+-----
Conjurations   | 5 6 7 |  7.0
Spellcasting   | 4 |  4.9
Hexes          | 1 |  1.9
Translocations | 1 |  1.0
Dodging        | |  2.4
Stealth        | |  2.4

Action                   |  1- 3 |  4- 6 || total
-------------------------+-------+-------++-------
Melee: Spear             |       |    18 ||    18
 Cast: Magic Dart        |    84 |    59 ||   143
       Searing Ray       |       |     8 ||     8
  Use: Scroll            |       |     5 ||     5
Armor: Robe              |     2 |     9 ||    11
Dodge: Dodged            |     6 |    24 ||    30
